 Dungeon Crawl Stone Soup version 0.32-a0-876-gcfddb08e57 (webtiles) character file.

Game seed: 2014291964510383572

151 smashvw the Shooter (level 5, -15/47 HPs)
             Began as a Minotaur Hunter on Mar 31, 2024.
             Demolished by Menkaure (21 damage)
             ... on level 4 of the Dungeon.
             The game lasted 00:04:00 (2099 turns).

smashvw the Shooter (Minotaur Hunter)               Turns: 2099, Time: 00:04:01

Health: -15/47     AC:  3    Str: 15    XL:     5   Next: 10%
Magic:  4/4        EV: 11    Int:  6    God:
Gold:   107        SH:  0    Dex: 16    Spells: 4/4 levels left

rFire   . . .        a - +0 shortbow
rCold   . . .        (shield currently unavailable)
rNeg    . . .        c - +0 leather armour
rPois   .            (helmet restricted)
rElec   .            (no cloak)
rCorr   .            (no gloves)
SInv    .            (no boots)
Will    .....        (no amulet)
Stlth   ++           (no ring)
HPRegen 0.27/turn    (no ring)
MPRegen 0.09/turn

%: no passive effects
@: invisible
A: horns 2, retaliatory headbutt
a: no special abilities


You were on level 4 of the Dungeon.
You visited 1 branch of the dungeon, and saw 4 of its levels.

You collected 107 gold pieces.

Inventory:

Hand Weapons
 a - a +0 shortbow (weapon)
 k - the +8 dagger of Ignis's Righteous Fury {protect, rN+ Will- Int+5}
   (You found it on level 2 of the Dungeon)

   Int+5:     It affects your intelligence (+5).
   rN+:       It protects you from negative energy.
   Will-:     It decreases your willpower.
Armour
 c - a +0 leather armour (worn)
Jewellery
 i - a ring of protection from cold
Scrolls
 b - a scroll of butterflies
 d - 3 scrolls of identify {unknown}
 e - a scroll of noise {unknown}
 f - a scroll of poison {unknown}
 h - a scroll of immolation {unknown}
 l - a scroll of acquirement {unknown}
 m - a scroll of torment {unknown}
 n - a scroll of fog {unknown}


   Skills:
 + Level 4.8 Fighting
 + Level 5.8 Ranged Weapons
 - Level 2.2 Dodging
 - Level 0.8 Stealth


You had 4 spell levels left.
You didn't know any spells.
Your spell library contained the following spells:

 Spells                   Type           Power      Damage    Failure   Level
 Hailstorm                Conj/Ice       0%         3d5       88%         3
 Summon Ice Beast         Ice/Summ       0%         N/A       88%         3
 Permafrost Eruption      Ice/Erth       0%         2x4d1     100%        6
 Sculpt Simulacrum        Ice/Alch       0%         N/A       100%        6


Dungeon Overview and Level Annotations

Branches:
Dungeon (4/15)
 Temple: D:4-7

Altars:
Cheibriados
Fedhas

Annotations:
D:4 Menkaure


Innate Abilities, Weirdness & Mutations

You have a pair of horns on your head.
You reflexively headbutt those who attack you in melee.


Message History

a +0 whip of venom; a +0 scale mail
Things that are here:
a +0 club; an orc corpse
Found a ring mail.
A kobold comes into view. It is wielding a +0 short sword.
Found a rapier.
You shoot an arrow. The arrow hits the kobold.
The kobold shouts!
The kobold is heavily wounded.
You shoot an arrow. The arrow hits the kobold.
You kill the kobold!
No target in view!
No target in view!
No target in view!
Menkaure, Prince of Dust comes into view.
Menkaure shouts!
Menkaure casts a spell.
Menkaure seems to speed up.
You shoot an arrow. The arrow hits Menkaure.
Menkaure is lightly damaged.
Menkaure points at you and mumbles some strange words.
Pain shoots through your body!
You shoot an arrow. The arrow hits Menkaure.
Menkaure is moderately damaged.
Menkaure gestures at you while chanting.
Pain shoots through your body!
You shoot an arrow. The arrow barely misses Menkaure.
Menkaure hits you!!
* * * LOW HITPOINT WARNING * * *
You are too injured to fight recklessly!
It was a potion of invisibility.
You fade into invisibility!
Menkaure casts a spell at you. Pain shoots through your body!
* * * LOW HITPOINT WARNING * * *
It was a potion of curing.
You feel better.
Menkaure calls on the powers of darkness!
Your body is wracked with pain!
* * * LOW HITPOINT WARNING * * *
Menkaure hits you!!
You die...

# ###.######
#.......)# #
####.#..^...##.#
#...........M.#
#.##.#### #@# ##.
#.#[....###.##.....
#.#..##.........)..
##)#..######.####.##
##.....# #.#
####......## #.#
#.)).......... #.#
#..#......###.##..
#.<##........ ...


You could see Menkaure (fast).

Vanquished Creatures
  An orc wizard (D:3)
  3 gnolls (D:2)
  An adder (D:3)
  A dart slug (D:3)
  A ribbon worm (D:3)
  9 orcs
  6 ball pythons
  6 endoplasms
  2 giant cockroaches
  4 goblins
  7 hobgoblins
  4 jackals (D:2)
  8 kobolds
  7 bats
  2 frilled lizards (D:2)
  8 rats
70 creatures vanquished.

Notes
Turn   | Place    | Note
-------+----------+-------------------------------------------
     0 | D:1      | smashvw the Minotaur Hunter began the quest for the Orb.
     0 | D:1      | Reached XP level 1. HP: 18/18 MP: 0/0
   177 | D:1      | Reached XP level 2. HP: 17/25 MP: 1/1
   778 | D:2      | Reached XP level 3. HP: 31/31 MP: 2/2
   843 | D:2      | Identified the +8 dagger of Ignis's Righteous Fury
                  | {protect, rN+ Will- Int+5}
   856 | D:2      | Reached skill level 5 in Ranged Weapons
  1052 | D:2      | Reached XP level 4. HP: 37/40 MP: 3/3
  1673 | D:3      | Reached XP level 5. HP: 45/47 MP: 4/4
  1696 | D:3      | Found a snail-covered altar of Cheibriados.
  1964 | D:3      | Found a blossoming altar of Fedhas.
  2094 | D:4      | Noticed Menkaure
  2099 | D:4      | Demolished by Menkaure

Illustrated notes

Levels and vault maps discovered:
D:1:      dpeg_arrival_round_c, layout_loops_ring
D:2:      layout_rooms, minmay_misc_feat_hallway
D:3:      layout_basic, kennysheep_slug_shrine, fedhas_altar_fruit_tree
D:4:      layout_loops_ring, kennysheep_little_box, uniq_crazy_yiuf_cottage,
          uniq_menkaure

Skill      XL: |  1  2  3 |
---------------+----------+-----
Fighting       | 3 4 |  4.8
Ranged Weapons | 5 |  5.8
Dodging        | |  2.2
Stealth        | |  0.8

Action                     |  1- 3 |  4- 6 || total
---------------------------+-------+-------++-------
   Fire: Shortbow          |   101 |    79 ||   180
    Use: Potion            |       |     2 ||     2
 Armour: Leather armour    |    17 |    34 ||    51
  Dodge: Dodged            |    15 |    19 ||    34

Table legend: (Time is in decaauts)
 A = Elapsed time spent in this place.
 B = Non-inter-level travel time spent in this place.
 C = Inter-level travel time spent in this place.
 D = Time resting spent in this place.
 E = Time spent auto-exploring this place.
 F = Levels seen in this place.
 G = Mean time per level.
                   A        B        C        D        E       F      G
               +--------+--------+--------+--------+--------+-----+--------+
         Total |   2129 |   2006 |    123 |      0 |   1692 |   4 |  532.2 |
       Dungeon |   2129 |   2006 |    123 |      0 |   1692 |   4 |  532.2 |
               +--------+--------+--------+--------+--------+-----+--------+

Top non-repeatable levels by time:
     D:3: 829 daAuts
     D:1: 705 daAuts
     D:2: 546 daAuts
     D:4: 48 daAuts
